 Dungeon Crawl Stone Soup version 0.23-a0-629-gae4348f (webtiles) character file.

761 Leeroy the Carver (level 7, -2/51 HPs)
             Began as a Barachi Skald on Dec 25, 2018.
             Was an Initiate of Vehumet.
             Slain by a vampire (8 damage)
             ... on level 9 of the Dungeon on Dec 26, 2018.
             The game lasted 00:12:15 (4022 turns).

Leeroy the Carver (Barachi Skald)                   Turns: 4022, Time: 00:12:16

Health: -2/51      AC:  7    Str: 12      XL:     7   Next: 80%
Magic:  10/10      EV: 17    Int: 15 (17) God:    Vehumet [......]
Gold:   226        SH:  0    Dex: 17      Spells: 1/10 levels left

rFire    . . .     SeeInvis +   s - +3 short sword (elec)
rCold    . . .     Gourm    .   (no shield)
rNeg     . . .     Faith    .   b - +0 leather armour
rPois    .         Spirit   .   C - +3 crown of Dyrovepreva {rElec Int+2 SInv}
rElec    +         Reflect  .   w - +0 cloak
rCorr    .         Harm     .   (no gloves)
MR       .....                  (no boots)
Stlth    ++........             (no amulet)
HPRegen  0.17/turn              (no ring)
MPRegen  0.12/turn              (no ring)

@: agile, slow
A: +LOS, swims, slowness 1, strong legs 1
a: Hop, Renounce Religion


You were on level 9 of the Dungeon.
You worshipped Vehumet.
Vehumet was noncommittal.
You were not hungry.

You visited 2 branches of the dungeon, and saw 8 of its levels.

You collected 226 gold pieces.

Inventory:

Hand Weapons
 a - a +0 falchion
 f - a +0 club
 i - a +2 dagger of protection
 o - a +0 dagger of freezing
 p - a cursed -2 hunting sling
 s - a +3 short sword of electrocution (weapon)
 t - a +0 falchion
 z - a +2 hunting sling of freezing
 B - a +2 dagger of electrocution
 F - a +1 mace of draining
Missiles
 c - 3 tomahawks (quivered)
 e - 151 stones
 h - 26 sling bullets
 q - 51 arrows
Armour
 b - a +0 leather armour (worn)
 w - a +0 cloak (worn)
 y - a +1 helmet
 C - the +3 crown of Dyrovepreva (worn) {rElec Int+2 SInv}
   (You found it on level 4 of the Dungeon)

   It affects your intelligence (+2).
   It insulates you from electricity.
   It lets you see invisible.
 E - a +2 helmet
Wands
 D - a wand of disintegration (15)
Scrolls
 k - a scroll of identify
 m - 2 scrolls of teleportation
 n - 3 scrolls of remove curse {unknown}
 r - 2 scrolls of enchant weapon {unknown}
 v - 2 scrolls of enchant armour {unknown}
Potions
 j - 3 potions of degeneration
 x - a potion of might {unknown}
Comestibles
 d - 9 rations


   Skills:
 - Level 2.4 Fighting
 - Level 0.1(5.6) Short Blades
 * Level 9.9 Long Blades
 + Level 1.3 Throwing
 - Level 1.2 Armour
 - Level 2.1 Dodging
 - Level 2.1 Spellcasting
 + Level 0.9 Hexes
 - Level 3.2 Charms
 + Level 0.2 Ice Magic


You had one spell level left.
You knew the following spells:

 Your Spells              Type           Power        Failure   Level  Hunger
a - Infusion              Chrm           ##..         7%          1    #......
b - Spectral Weapon       Hex/Chrm       #.......     34%         3    ###....
c - Regeneration          Chrm/Necr      #.........   38%         3    ###....
d - Ensorcelled Hibernat  Hex/Ice        #.....       32%         2    ###....

Your spell library contained the following spells:

 Spells                   Type           Power        Failure   Level  Hunger
 Corona                   Hex            #......      19%         1    #......
 Song of Slaying          Chrm           ##......     11%         2    ###....
 Shroud of Golubria       Chrm/Tloc      #.........   22%         2    ###....
 Confuse                  Hex            #.......     50%         3    ###....
 Tukima's Dance           Hex            #.......     50%         3    ###....
 Dazzling Spray           Conj/Hex       #.....       56%         3    ###....


Dungeon Overview and Level Annotations

Branches:
Dungeon (9/15)             Temple (1/1) D:4
   Lair: D:8-11         Orc: D:9-12

Altars:
Ashenzari
Cheibriados
Dithmenos
Elyvilon
Fedhas
Gozag
Hepliaklqana
Kikubaaqudgha
Makhleb
Nemelex Xobeh
Qazlal
Ru
Sif Muna
Trog
Uskayaw
Vehumet
Wu Jian
Xom
Yredelemnul
Zin
The Shining One

Shops:
D:4 [


Innate Abilities, Weirdness & Mutations

Shadows flee at your approach. (+LOS)
You can swim through water.
You cover ground slowly.
You can hop short distances.


Message History

You feel much better. The vampire hits you! The vampire barely misses you.
You hit the vampire but do no damage. The vampire hits you.
* * * LOW HITPOINT WARNING * * *
The vampire bites you but does no damage.
Unknown command.
You puncture the vampire!
The vampire is moderately damaged.
The vampire barely misses you. The vampire bites you!
* * * LOW HITPOINT WARNING * * *
The vampire draws strength from your injuries!
Unknown command.
Okay, then.
Casting: Ensorcelled Hibernation (safe; 32% risk of failure)
Confirm with . or Enter, or press ? or * to list all spells.
Okay, then.
It was a potion of agility.
You feel agile all of a sudden.
The vampire splashes around in the water.
The vampire bites you!
You die... ########## #@V......# ########.#

You could see a vampire.

Vanquished Creatures
  Menkaure (D:4)
  A sky beast (D:9)
  2 bullfrogs (D:8)
  2 killer bees
  A howler monkey (D:4)
  An orc wizard (D:3)
  An orc priest (D:3)
  Terence (D:3)
  2 iguanas (D:4)
  A worker ant (D:8)
  2 hound skeletons (D:4)
  2 adders (D:3)
  An adder skeleton (D:4)
  3 worms
  4 dart slugs
  A leopard gecko (D:4)
  6 orcs
  5 giant cockroaches
  4 goblins
  5 hobgoblins
  14 jackals
  5 kobolds
  4 bats
  4 frilled lizards
  4 rats
77 creatures vanquished.

Notes
Turn   | Place    | Note
-------+----------+-------------------------------------------
     0 | D:1      | Leeroy the Barachi Skald began the quest for the Orb.
     0 | D:1      | Reached XP level 1. HP: 17/17 MP: 3/3
    25 | D:1      | Reached skill level 3 in Long Blades
    30 | D:1      | Reached XP level 2. HP: 21/23 MP: 5/5
   721 | D:1      | Reached skill level 4 in Long Blades
  1091 | D:2      | Reached XP level 3. HP: 28/28 MP: 6/6
  1774 | D:3      | Reached skill level 5 in Long Blades
  1774 | D:3      | Reached XP level 4. HP: 23/34 MP: 7/7
  1828 | D:3      | Noticed Terence
  1838 | D:3      | Killed Terence
  1848 | D:3      | Reached skill level 6 in Long Blades
  1848 | D:3      | Reached XP level 5. HP: 20/39 MP: 8/8
  1898 | D:3      | Learned a level 3 spell: Spectral Weapon
  1902 | D:3      | Learned a level 3 spell: Regeneration
  2202 | D:4      | Reached skill level 7 in Long Blades
  2216 | D:4      | Reached XP level 6. HP: 29/46 MP: 9/9
  2359 | D:4      | Found Jogeyhul's Armour Emporium.
  2376 | D:4      | Found the +3 crown of Dyrovepreva {rElec Int+2 SInv}
  2398 | D:4      | Learned a level 2 spell: Ensorcelled Hibernation
  2497 | D:4      | Noticed Menkaure
  2506 | D:4      | Killed Menkaure
  2506 | D:4      | Reached skill level 8 in Long Blades
  2506 | D:4      | Reached skill level 1 in Throwing
  2531 | D:4      | Found a staircase to the Ecumenical Temple.
  2542 | Temple   | Entered the Ecumenical Temple
  3356 | D:5      | Entered Level 5 of the Dungeon
  3424 | Temple   | Became a worshipper of Vehumet
  3939 | D:5      | You fall through a shaft for 3 floors!
  3947 | D:8      | Reached XP level 7. HP: 29/51 MP: 10/10
  3951 | D:8      | Reached skill level 9 in Long Blades
  3976 | D:8      | HP: 2/51 [killer bee (7)]
  3981 | D:9      | Noticed a vampire
  4018 | D:9      | HP: 2/51 [vampire (11)]
  4022 | D:9      | Slain by a vampire

Vault maps used:
D:1:      minmay_arrival_up_and_down, minmay_distorted
D:2:      first_ration, grunt_ministairs_8
D:3:      minivault_19, st_stairs_14, uniq_terence
D:4:      temple_pool_b, serial_shops, nicolae_shop_waterfront, uniq_menkaure
D:5:      cheibrodos_barr_body, okawaru_metal_pillars_1_2, grunt_ministairs_6,
          kennysheep_generic_room_2
D:8:      serial_shops, nicolae_shop_stone, david_nohive_1
D:9:      hangedman_cross_cluster, serial_shops, shop_coins
Temple:   minmay_crystal_snake_temple

Skill      XL: |  1  2  3  4  5  6  7 |
---------------+----------------------+-----
Long Blades    | 3 4 5 6 7 8 9 |  9.9
Throwing       | 1 |  1.3
Fighting       | |  2.4
Short Blades   | |  0.1
Armour         | |  1.2
Dodging        | |  2.1
Spellcasting   | |  2.1
Hexes          | |  0.9
Charms         | |  3.2
Ice Magic      | |  0.2

Action                   |  1- 3 |  4- 6 |  7- 9 || total
-------------------------+-------+-------+-------++-------
Melee: Falchion          |    10 |       |       ||    10
       Dagger            |   102 |       |       ||   102
       Short sword       |    19 |    84 |    47 ||   150
Throw: Tomahawk          |       |     3 |       ||     3
 Cast: Ensorcelled Hiber |       |       |     4 ||     4
 Abil: Hop               |       |     1 |     1 ||     2
  Use: Scroll            |     1 |     6 |       ||     7
       Potion            |       |     1 |     6 ||     7
 Stab: Sleeping          |       |     1 |     1 ||     2
  Eat: Chunk             |     4 |     2 |       ||     6
       Ration            |       |     2 |       ||     2
Armor: Leather armour    |    51 |    25 |    19 ||    95
Dodge: Dodged            |   102 |    57 |    28 ||   187
       Rpst.: Falchion   |     5 |       |       ||     5

Table legend:
 A = Non-vault XP
 B = Vault XP
 C = Vault XP percentage of total XP
 D = Non-vault monster count
 E = Vault monster count
 F = Vault count percentage of total count
                 A         B        C        D         E       F
            +---------+---------+-------+---------+---------+-------
      Total |     722 |     366 |  33.6 |      63 |      14 |  18.2
            +---------+---------+-------+---------+---------+-------
        D:1 |      23 |       9 |  28.1 |      13 |       4 |  23.5
        D:2 |      19 |       5 |  20.8 |      10 |       2 |  16.7
        D:3 |     138 |      49 |  26.2 |      21 |       2 |   8.7
        D:4 |     193 |     175 |  47.6 |      14 |       3 |  17.6
        D:5 |       0 |       3 | 100.0 |       0 |       1 | 100.0
        D:8 |     225 |      59 |  20.8 |       3 |       1 |  25.0
        D:9 |     124 |      66 |  34.7 |       2 |       1 |  33.3
            +---------+---------+-------+---------+---------+-------
